Match 38309082
Unlisted

Match 38309082
End
Construct Barracks
Riflemen Squad
Riflemen Squad
Selects Special Operations Battlegroup
M1 Mortar Team
Grenade Package
Riflemen Squad
Air Support Center
Construct Medical Station
Selects Raiding Flares
Engineer Squad
Construct Motor Pool
P-47 Strafing Run
M8 Greyhound Armored Car
.30 cal Machine Gun
Selects SSF Commando Squad
Construct Weapon Support Center
M3 Armored Personnel Carrier
M1 Anti-tank Gun Team
P-47 Strafing Run
Selects M29 Weasel with M1 Pack Howitzer
Forward Retreat Point
.30 cal Machine Gun
Construct Tank Depot
Selects Mark Vehicle
Selects UNKNOWN (2162291)
M4A1 Sherman Medium Tank
Engineer Squad
P-47 Strafing Run
P-47 Dive Bomb
M4A1 Sherman Whizbang
Selects Assault Operation
M4A1 Sherman Medium Tank
.30 cal Machine Gun
M4A1 Sherman Medium Tank
P-47 Dive Bomb
M4A1 Sherman Medium Tank
SSF Commando Squad
Engineer Squad
Raiding Flares
P-47 Dive Bomb
M4A1 Sherman Medium Tank
★HAL-9000★☠
[PD]PragerSchinken
[OldMetal]Mario
Lennyslav
Shalef
Cicero_540
Mael Radec
moon star-TR
0
0

Comments sign in to comment!

No comments posted yet!